Cogmind - Beta 14 @@@ ROGUE MODE // 2024.09.03 @ 10:57:55 Player: FreshFromage Result: Destroyed by as-73802 with Assembled Blade Performance ------------- Evolutions (0) 0 Regions Visited (2) 400 Robots Destroyed (19) 95 Value Destroyed (487) 487 Prototype IDs (4) 80 Alien Tech Used (0) 0 Bonus (0) 0 TOTAL SCORE: 1062 Bonus ------- None Cogmind --------- Core Integrity 0/250 Matter 282/300 Energy 100/100 System Corruption 4% Temperature Cool (0) Movement Treading (240) Ox1 Location -10/Mines Parts ------- > --- POWER (1) -------- (None) > --- PROPULSION (2) --- Light Treads > --- UTILITY (2) ------ Large Storage Unit > --- WEAPON (2) ------- Assault Rifle Light Assault Rifle > --- INVENTORY (15) --- Light Nuclear Core Flight Unit Flight Unit Flight Unit Structural Scanner ECM Suite Propulsion Shielding Propulsion Shielding Hacking Suite EM Pulse Gun EM Pulse Gun Hammer Scythe Peak State ------------ > --- POWER ------------ Ion Engine > --- PROPULSION ------- Light Treads Light Treads > --- UTILITY ---------- Small Storage Unit Targeting Computer > --- WEAPON ----------- Assault Rifle Light Assault Rifle > --- INVENTORY -------- Light Ion Engine Light Nuclear Core Aluminum Leg Aluminum Leg Flight Unit Flight Unit EM Pulse Gun EM Pulse Gun [Rating: 8] Favorites ----------- Power Ion Engine Engine Ion Engine Propulsion Light Treads Treads Light Treads Utility Large Storage Unit Storage Large Storage Unit Processor Targeting Computer Weapon Assault Rifle Ballistic Gun Assault Rifle Slashing Weapon Scythe Build | -11 -10 -10 ------- Run | Yrd Mat Min Slots Evolved . | . . . Power . | . . . Propulsion . | . . . Utility . | . . . Weapon . | . . . Parts Attached 14 | 5 5 4 Power 2 | 1 . 1 Engine 2 | 1 . 1 Core . | . . . Reactor . | . . . Propulsion 3 | 2 1 . Treads 3 | 2 1 . Leg . | . . . Wheel . | . . . Hover . | . . . Flight . | . . . Utility 3 | 1 2 . Device . | . . . Storage 2 | 1 1 . Processor 1 | . 1 . Hackware . | . . . Protection . | . . . Artifact . | . . . Weapon 6 | 1 2 3 Energy Gun . | . . . Energy Cannon . | . . . Ballistic Gun 5 | 1 2 2 Ballistic Cannon . | . . . Launcher . | . . . Special Weapon . | . . . Impact Weapon . | . . . Slashing Weapon 1 | . . 1 Piercing Weapon . | . . . Special Melee Weapon . | . . . Unidentified Prototypes . | . . . Parts Lost 4 | . 2 2 Power 2 | . . 2 Propulsion 1 | . 1 . Utility 1 | . 1 . Weapon . | . . . Highest Loss Streak 2 | . 2 2 To Critical Strikes . | . . . Average Slot Usage (%) 77 | . 79 71 Engine 14 | . 14 14 Treads 19 | . 21 14 Storage 14 | . 14 14 Processor 2 | . 3 . Ballistic Gun 26 | . 25 27 Peak Build Rating 8 | 5 8 8 Average Rating 6 | 4 6 6 On Entrance 3 | . 5 6 Naked Turns . | . . . Heaviest Build 28 | 12 28 28 Greatest Support 40 | 40 40 20 Greatest Overweight (x) 1 | . 1 1 Average Overweight (x) . | . . 1 Largest Inventory Capacity 15 | 8 15 15 Average Capacity 12 | 7 11 15 Most Carried 14 | 5 12 14 Average Carried 9 | 2 8 12 Final Capacity 15 | 8 15 15 Final Carried 13 | 5 12 13 Class Distribution -------------------- 100% | Mutant Dominant Class ---------------- Mutant | -10/Materials Mutant | -10/Mines Resources | -11 -10 -10 ----------- Run | Yrd Mat Min Matter Collected 634 | 158 385 91 Remotely . | . . . Salvage Created 581 | . 482 99 Parts 40 | . 39 1 Haulers Intercepted . | . . . Recyclers Shooed . | . . . Parts Field Recycled . | . . . Retrieved Matter . | . . . Parts Self-Destructed . | . . . Prevented . | . . . Kills | -11 -10 -10 ------- Run | Yrd Mat Min Combat Hostiles Destroyed 16 | . 14 2 Guns 16 | . 14 2 Classes Destroyed 4 | . 4 . Operator 1 | . 1 . Watcher 2 | . 2 . Swarmer 6 | . 6 . Grunt 10 | . 8 2 Best Kill Streak 3 | . 3 2 Combat Bots Only 3 | . 3 2 Max Kills in Single Turn 1 | . 1 1 Gunslinging . | . . . Exploded . | . . . Melee . | . . . Uniques/NPCs Destroyed . | . . . Combat | -11 -10 -10 -------- Run | Yrd Mat Min Hostile Shots Fired 97 | . 81 16 Missed 31 | . 27 4 Damage Taken 944 | . 679 265 Core 267 | . 155 112 Absorbed by Shields . | . . . Regen/Repaired (Parts) 93 | . 93 . Core Remaining (%) 100 | 100 . . Volleys Fired 74 | . 65 9 Largest 2 | . 2 2 Hottest 40 | . 40 40 Shots Fired 115 | . 96 19 Gun 115 | . 96 19 Cannon . | . . . Launcher . | . . . Special . | . . . Kinetic 115 | . 96 19 Thermal . | . . . Explosive . | . . . Electromagnetic . | . . . Robot Hit Streak 15 | . 15 7 Robot Miss Streak 3 | . 3 1 Penetration Max . | . . . Secondary Targets 1 | . 1 . Max Gunslinging Chain 1 | . 1 . Shots Hit Robots 87 | . 72 15 Core Hits 40 | . 31 9 Critical Kills . | . . . Critical Parts Destroyed . | . . . Critical Strikes . | . . . Melee Attacks . | . . . Impact . | . . . Slashing . | . . . Piercing . | . . . Sneak Attacks . | . . . Combat Hostiles . | . . . Follow-up Attacks . | . . . Damage Inflicted 971 | . 816 155 Guns 969 | . 816 153 Cannons . | . . . Explosions . | . . . Melee . | . . . Ramming 2 | . . 2 Kinetic 969 | . 816 153 Thermal . | . . . Explosive . | . . . Electromagnetic . | . . . Impact . | . . . Slashing . | . . . Piercing . | . . . Highest Corruption 4 | . 4 4 Average Corruption 3 | . 3 4 Corruption Purged . | . . . Corruption Blocked . | . . . Effects 38 | . 25 13 Message Errors 7 | . 2 5 Matter Fused 10 | . 7 3 Heat Flow Errors 6 | . 6 . Energy Discharges 1 | . . 1 Parts Rejected 1 | . . 1 Data Loss (minor) 6 | . 4 2 Data Loss (major) 1 | . 1 . Misfires 2 | . 1 1 Alerts 1 | . 1 . Weapon Failures 3 | . 3 . Overload Shots . | . . . Overflow Damage . | . . . Projectiles . | . . . Explosions . | . . . Melee . | . . . Knockbacks . | . . . Impact . | . . . Kinetic . | . . . Secondary . | . . . Self-Inflicted Damage . | . . . Shots . | . . . Rammed 3 | . . 3 Targets Rammed 3 | . . 3 Kicked . | . . . Crushed . | . . . Highest Temperature 260 | . 260 9 Average Temperature 76 | . 80 7 Received Heat Transfer 315 | . 264 51 Siege Activations . | . . . Robots Corrupted . | . . . Combat Hostiles . | . . . Parts Fried . | . . . Impact Corruptions . | . . . Robots Melted . | . . . Combat Hostiles . | . . . Parts Melted . | . . . Heat Transferred . | . . . Parts Sabotaged . | . . . Parts Stolen . | . . . Parts Stripped . | . . . Power Chain Reactions . | . . . Alert | -11 -10 -10 ------- Run | Yrd Mat Min Peak Influence 340 | . 340 69 Initial 19 | . . 19 Average 107 | . 135 40 Maximum Alert Level 1 | . 1 . Low Security (%) 83 | 100 76 100 Level 1 16 | . 23 . Level 2 . | . . . Level 3 . | . . . Level 4 . | . . . Level 5 . | . . . High Security . | . . . Max Security . | . . . Squads Dispatched 2 | . 2 . Investigation 1 | . 1 . Extermination . | . . . Reinforcement 1 | . 1 . Assault . | . . . Garrison . | . . . Intercept . | . . . Searches Triggered . | . . . Construction Impeded . | . . . Haulers Reinforced . | . . . Active Scanning Responses . | . . . Cargo Convoy Interrupts . | . . . Stealth | -11 -10 -10 --------- Run | Yrd Mat Min Distress Signals 2 | . 2 . Communications Jammed . | . . . Distress Signals . | . . . Times Spotted 40 | . 32 8 Peak Tracking Total 10 | . 10 7 Tactical Retreats 2 | . 2 . Traps | -11 -10 -10 ------- Run | Yrd Mat Min Traps Triggered 4 | . 4 . Indirectly . | . . . Trap Hack Attempts . | . . . Triggered . | . . . Disarmed . | . . . Reprogrammed . | . . . Reused . | . . . Traps Extracted . | . . . Installed . | . . . Triggered . | . . . Machines | -11 -10 -10 ---------- Run | Yrd Mat Min Machines Disabled 1 | . 1 . Max in Single Turn 1 | . 1 . Machines Repaired . | . . . Machines Dismantled . | . . . Machines Sabotaged . | . . . Overloaded Fab Kills . | . . . Hacking | -11 -10 -10 --------- Run | Yrd Mat Min Machines Accessed 11 | . 10 1 Terminals 8 | . 8 . Fabricators . | . . . Repair Stations 1 | . 1 . Recycling Units 1 | . 1 . Scanalyzers . | . . . Garrison Access . | . . . Total Hacks 30 | . 29 1 Successful 17 | . 16 1 Failed 13 | . 13 . Catastrophic . | . . . Database Lockouts . | . . . Manual 19 | . 19 . Terminals 25 | . 25 . Fabricators . | . . . Repair Stations 2 | . 2 . Recycling Units 2 | . 2 . Scanalyzers . | . . . Garrison Access . | . . . Terminal Hacks 11 | . 10 1 Robot Schematic 3 | . 3 . Prototype ID Bank 4 | . 4 . Open Door 1 | . . 1 Branch Access Points 1 | . 1 . Locate Traps 1 | . 1 . Hauler Manifests 1 | . 1 . Fabricator Hacks . | . . . Repair Station Hacks 2 | . 2 . Scan Component 1 | . 1 . Repair 1 | . 1 . Recycling Unit Hacks . | . . . Scanalyzer . | . . . Garrison Access Hacks . | . . . Unauthorized Hacks 4 | . 4 . Terminals 4 | . 4 . Botnet 4 | . 4 . Fabricators . | . . . Repair Stations . | . . . Recycling Units . | . . . Scanalyzers . | . . . Garrison Access . | . . . Data Cores Recovered . | . . . Used . | . . . Hacking Detections 10 | . 10 . Full Trace Events . | . . . Feedback Events . | . . . Feedback Blocked . | . . . Robot Schematics Acquired 3 | . 3 . Robots Built . | . . . Authchips . | . . . Time . | . . . Total Robot Build Rating . | . . . Part Schematics Acquired . | . . . Parts Built . | . . . Authchips . | . . . Time . | . . . Total Part Build Rating . | . . . Parts Repaired 1 | . 1 . Time 26 | . 26 . Parts Recycled . | . . . Recycled Matter . | . . . Retrieved Matter . | . . . Retrieved Components . | . . . Parts Scanalyzed . | . . . Part Schematics Acquired . | . . . Parts Damaged . | . . . Bothacking | -11 -10 -10 ------------ Run | Yrd Mat Min Used RIF Installer . | . . . Robots Hacked . | . . . Non-combat . | . . . Combat . | . . . Robot Hacks Applied . | . . . Relay Couplers Released . | . . . Fabnet Peak Effective % . | . . . Robots Rewired . | . . . Allies Hacked . | . . . Hacks Repelled . | . . . Allies | -11 -10 -10 -------- Run | Yrd Mat Min Total Allies . | . . . Largest Group . | . . . Highest-Rated Group . | . . . Highest-Rated Ally . | . . . Total Orders . | . . . Ally Attacks . | . . . Total Damage . | . . . Kills . | . . . Allies Corrupted . | . . . Allies Melted . | . . . Intel | -11 -10 -10 ------- Run | Yrd Mat Min Robot Analysis Total . | . . . Derelict Logs Recovered . | . . . Drone Launches . | . . . Drone Recoveries . | . . . Exploration | -11 -10 -10 ------------- Run | Yrd Mat Min Turns Passed 2351 | 86 1705 560 Spaces Moved 1004 | 48 758 198 Core 2 | 2 . . Treads 1002 | 46 758 198 Legs . | . . . Wheels . | . . . Hover . | . . . Flight . | . . . Fastest Speed 50 | 50 160 240 Average Speed 199 | 155 191 240 Slowest Speed 240 | 160 240 240 Overloaded Moves . | . . . Propulsion Burnouts . | . . . Robots Hopped . | . . . Cave-ins Triggered . | . . . Exploration Rate (%) 47 | 4 97 41 Regions Visited 2 Branch Regions 1 Pre-discovered Areas . | . . . Known Exits Taken 1 | . 1 . Unknown Exits Taken 1 | 1 . . Scrap Searched 1 | . . 1 Spaces Dug . | . . . Terrain Destroyed . | . . . Melee . | . . . Projectile . | . . . AOE . | . . . Terrain Rammed . | . . . Walls Destroyed . | . . . Machines Disabled . | . . . Actions | -11 -10 -10 --------- Run | Yrd Mat Min Total 1238 | 57 919 262 Wait 125 | . 79 46 Move 1002 | 47 757 198 Hop . | . . . Pick Up 16 | 5 9 2 Fast Attach 9 | 5 3 1 Attach 1 | . . 1 Detach . | . . . Swap 4 | . 2 2 Drop 4 | . 4 . Fire 74 | . 65 9 Melee . | . . . Ram . | . . . Kick . | . . . Crush 3 | . . 3 Escape Stasis . | . . . Rewire . | . . . Trap . | . . . Miscellaneous . | . . . Route ------- -11/Scrapyard -10/Materials (discovered 5 exits: [*Mat x3] / *Min / [*Sub]) -10/Mines (discovered 1 exit: [*Mat]) History --------- Turn | Location | Event 33 | -11/Scrapyard | Discovered new exit (range 15) 87 | -11/Scrapyard | Entered Materials 314 | -10/Materials | Core integrity fell below 50% 316 | -10/Materials | Build established: Mutant 353 | -10/Materials | Discovered new exit (range 12) 381 | -10/Materials | Identified exit to Mines 660 | -10/Materials | Discovered new exit (range 7) 941 | -10/Materials | Discovered new exit (range 14) 1086 | -10/Materials | Discovered new exit (range 10) 1494 | -10/Materials | Repaired Assault Rifle 1628 | -10/Materials | Discovered new exit (range 4) 1792 | -10/Materials | Entered Mines 1828 | -10/Mines | Met a Derelict bent on vengeance 1900 | -10/Mines | Discovered new exit (range 4) 2081 | -10/Mines | Met a Derelict who couldn't figure out how to use a Trap Extractor 2337 | -10/Mines | Assembled infested the area 2350 | -10/Mines | Core integrity fell below 20% 2352 | -10/Mines | Destroyed by as-73802 with Assembled Blade Last Messages --------------- 02170_ System corrupted: Matter fused (-9). 02197_ S1SXZTE MQEY>YSLVISJLV4GAZA4X 1YUAS3I%& 02237_ System corrupted: Component data lost. 02267_ CO5XA4K 8HB&#JTK#URN|C034YNUKJRS 02280_ Searching scrap... 02280_ Found Datajack. 02280_ Found Flight Unit. 02280_ Found Hover Unit. 02280_ Found 35 Matter. 02281_ Acquired 35 matter. 02285_ Acquired Flight Unit. 02294_ ,2ZJQQ|5CJB0O5FECR9G7TM 02337_ ALERT: Infestation in the mines, dispatching Demolisher response squad. 02340_ U-05 Engineer suffers critical hit (Destroy). 02340_ U-05 Engineer destroyed. 02341_ T3X#OL600JOKHECDU|#H8WUFYF 02346_ Ion Engine destroyed. 02352_ Lgt. Ion Engine destroyed. Map ----- +----------------------------------------------------+ | ??#" """ ## ##????????????????########??????????? | | ??# [=!!!# #????############# ###????????? | | ??## ^!^## ###### #####????? | | ???#/ =## #???## | | ??### ### ####### ####### ## #???# | | ??# # ##?????# #?????# ### ### ##### | | ?## # ##?????# #?????# ##?## ##?# | | ## ##### ##????# #?????######???# #??####### | | # ##???# #??????????????# #######??# | | # ## #?### #??????????????# #?## | | # #### #?# #??????????????# ##### ### | | # #??# ### #??????????????# #???# ## | | ##??# # ####?############## #???# | | ##???# #????# #???## ## | | # ##????# ####????#=/#############????# ## | | # #?????## ##???????# #????????????????# ### | | # #??????####???????## ##???????????????# #?## | | # #????????????????## ######??????????# #??# | | ## ##????????????????# ##?????????# #??# | | ?####????????????###### """ #?????????# #?? | | ????????????????## ## """ #?????????# #?? | | ???????????????## """ ##?????????? ??? | | ???????????????# ##???????????#???# | | ???????????????# ##????????????????? | | ???????????????## ##???? ????????? | | ????????????????## ##@aa ## #???????? | | ?????????????????# ####a #????????? | | ?????????????????## ##??# #?????????? | | ??????????????????####???# ##?????????? | | ?????????????????????????# a ###??????????? | | ?????????????????????????# ##????????????? | | ????????????????????????? #?????????????? | | ????????????????????????? #?????????????? | | ????????????????????????? ##?????????????? | | ????????????????????????? a!%!#??????????????? | | ???????????????????????? #?????????????? | | ???????????????????????? #?????????????? | | ???????????????????????? #### #?????????????? | | ????????????????????????# ????# a #?????????????? | | ????????????????????????# ????? #?????????????? | | ????????????????????????# ?????? #?????????????? | | ????????????????????????? ??????# ???????????????? | | ????????????????????????? ???????????????????????? | | ????????????????????????? ???????????????????????? | | ?????????????????????????????????????????????????? | | ?????????????????????????????????????????????????? | | ?????????????????????????????????????????????????? | | ?????????????????????????????????????????????????? | | ?????????????????????????????????????????????????? | | ?????????????????????????????????????????????????? | +----------------------------------------------------+ Best States ------------- Heat Dissipation 25 Energy Generation 10 Energy Capacity 250 Matter Stores 300 Matter Capacity 300 Sight Range 16 Terrain Scan Density 10 Evasion (%) 40 Targeting Accuracy 5 Recoil Reduction 2 Item Schematics ----------------- None Robot Schematics ------------------ G-34 Mercenary | -10/Materials | Hacked S-10 Pest | -10/Materials | Hacked W-16 Scout | -10/Materials | Hacked Fabricated ------------ Nothing Alien Tech Used ----------------- None Achievements -------------- None Challenges ------------ None Game ------ Seed GuidanceTargetVibroblade Manual? 0 Play Time 00:25:39 Cumulative 63.0 hours Start 2024.09.03 @ 10:14:25 End 2024.09.03 @ 10:57:55 Sessions 1 Manual Loads 0 Difficulty Rogue Special Mode None Game No. 27 Rogue 27 Adventurer 0 Explorer 0 Win Type - Total 1 Types 1/0/0/0/0/0/0/0/0 Lore% 27 Gallery% 35 Achievement% 35 Wizard Run 0 Options --------- Layout 1 ASCII 0 Keyboard 0 Movement Vi Keybinds 0 Fullscreen 1 Font 24/Smallcaps Map View 50x35 Zoom Use 0% Tactical HUD 1 Map Filters NONE Filters NONE Steam 1 RUN: b412d021-74a4-4b44-9a8b-03d60409bdb6